 Dungeon Crawl Stone Soup version 0.32-a0-799-g95e1662365 (webtiles) character file.

Game seed: 3931358983653751382

1153 senseless the Vexing (level 8, -6/60 HPs)
             Began as a Coglin Hexslinger on Mar 21, 2024.
             Mangled by a water moccasin (10 damage)
             ... on level 6 of the Dungeon.
             The game lasted 00:12:01 (4022 turns).

senseless the Vexing (Coglin Hexslinger)            Turns: 4022, Time: 00:12:02

Health: -6/60      AC: -2    Str:  9    XL:     8   Next: 38%
Magic:  13/13      EV: 12    Int: 13    God:
Gold:   94         SH:  0    Dex: 18    Spells: 12/14 levels left

rFire   . . .        a - +1 sling {Anacleto}
rCold   . . .        j - +0 sling {Gloria}
rNeg    + . .        f - +2 leather armour {rN+}
rPois   .            (no helmet)
rElec   .            (no cloak)
rCorr   .            (no gloves)
SInv    .            h - +0 pair of boots
Will    .....        (amulet unavailable)
Stlth   +            (ring unavailable)
HPRegen 0.30/turn    (ring unavailable)
MPRegen 0.13/turn    (no gizmo)

%: no passive effects
@: marked, corroded, revving
A: off-hand wielding, slow wielding, warmup strikes, no jewellery
a: Invent Gizmo, Convert to Beogh


You were on level 6 of the Dungeon.
You visited 1 branch of the dungeon, and saw 6 of its levels.

You collected 319 gold pieces.
You spent 225 gold pieces at shops.

Inventory:

Hand Weapons
 a - a +1 sling (weapon) {Anacleto}
 j - a +0 sling (offhand) {Gloria}
Armour
 c - a +1 robe
 e - a scarf of invisibility
 f - a +2 leather armour of positive energy (worn)
 h - a +0 pair of boots (worn)
Scrolls
 b - 3 scrolls of poison
 d - a scroll of fog
 i - 3 scrolls of teleportation
 l - a scroll of amnesia
Potions
 g - 2 potions of enlightenment
 k - a potion of heal wounds
 m - a potion of brilliance
 n - a potion of lignification {unknown}
 o - 3 potions of curing
 q - a potion of berserk rage


   Skills:
 + Level 4.2 Fighting
 + Level 4.2 Ranged Weapons
 + Level 4.1 Dodging
 + Level 3.6 Spellcasting
 + Level 4.7 Hexes
 - Level 1.4 Fire Magic


You had 12 spell levels left.
You knew the following spells:

 Your Spells              Type           Power      Damage    Failure   Level
a - Jinxbite              Hex            28%        N/A       7%          2

Your spell library contained the following spells:

 Spells                   Type           Power      Damage    Failure   Level
 Confusing Touch          Hex            14%        N/A       13%         3
 Sigil of Binding         Hex            14%        N/A       13%         3
 Inner Flame              Hex/Fire       10%        N/A       26%         3
 Kiss of Death            Conj/Necr      8%         2d6       30%         1
 Cause Fear               Hex            7%         N/A       41%         4
 Volatile Blastmotes      Fire/Tloc      8%         2d10      56%         3
 Dimensional Bullseye     Hex/Tloc       4%         N/A       75%         4
 Dispel Undead            Necr           2%         3d7       97%         4
 Fulminant Prism          Conj/Alch      1%         3d5       97%         4
 Iskenderun's Mystic Bla  Conj/Tloc      2%         2d3       97%         4


Dungeon Overview and Level Annotations

Branches:
Dungeon (6/15)
 Temple: D:4-7

Altars:
Gozag
Uskayaw
Xom
Zin

Shops:
D:5 [

Annotations:
D:4 Dowan, Duvessa, Eustachio


Innate Abilities, Weirdness & Mutations

You can wield a second weapon in your off-hand.
It takes a long time for you to wield or remove held weapons.
Your first few attacks do less damage.
You cannot equip rings or amulets.


Message History

You feel much better. The jelly hits you.
You are splashed with acid!
A gnoll comes into view. It is wielding a +3 falchion.
The gnoll barely misses you.
You shoot a sling bullet. The sling bullet hits the hound.
The hound is moderately wounded.
You shoot a sling bullet. The sling bullet misses the hound.
The hound bites you. x2; The jelly hits you.
The acid corrodes you!
You are splashed with acid!
* * * LOW HITPOINT WARNING * * *
The gnoll misses you. The gnoll barely misses you.
You shoot a sling bullet.
The sling bullet hits the hound but does no damage.
The hound is moderately wounded.
You shoot a sling bullet.
The sling bullet barely misses the hound.
Your surroundings suddenly seem different.
You start resting.
A water moccasin comes into view.
An orc priest comes into view. It is wielding a +0 short sword.
You are too injured to fight recklessly!
The water moccasin attacks as it pursues you!
The water moccasin bites you!
* * * LOW HITPOINT WARNING * * *
You shoot a sling bullet.
The sling bullet misses the water moccasin.
The sling bullet hits the orc priest but does no damage.
You shoot a sling bullet.
The sling bullet closely misses the water moccasin.
The sling bullet barely misses the orc priest.
The water moccasin bites you!
* * * LOW HITPOINT WARNING * * *
An orc comes into view. It is wielding a +0 club.
The water moccasin completely misses you.
You shoot a sling bullet.
The sling bullet closely misses the water moccasin.
The sling bullet hits the orc priest but does no damage.
You shoot a sling bullet.
The sling bullet hits the water moccasin but does no damage.
The water moccasin bites you!
You die...

#..# #o.#
#..# #o.#
# #..#
.#.#
#..#....#
#........
#S##.####
#@# .#
#.# # #.#
#.. ###


You could see a water moccasin, an orc priest and an orc.

Vanquished Creatures
  Sigmund (D:5)
  An ice beast (D:5)
  An ogre (D:5)
  2 centaurs (D:5)
  4 bombardier beetles
  4 orc priests
  A hound (D:5)
  4 iguanas
  4 orc wizards
  A gnoll (D:6)
  6 adders
  2 ufetubi (D:6)
  A ribbon worm (D:3)
  3 dart slugs
  18 orcs
  4 ball pythons
  3 endoplasms
  3 giant cockroaches
  11 goblins
  3 hobgoblins (D:2)
  5 jackals (D:1)
  4 kobolds
  8 quokkas
  4 bats (D:1)
  2 frilled lizards
  8 rats
108 creatures vanquished.

Vanquished Creatures (others)
  A water moccasin (D:5)
  A black bear (D:5)
2 creatures vanquished.

Grand Total: 110 creatures vanquished

Notes
Turn   | Place    | Note
-------+----------+-------------------------------------------
     0 | D:1      | senseless the Coglin Hexslinger began the quest for the
                  | Orb.
     0 | D:1      | Reached XP level 1. HP: 15/15 MP: 2/2
    63 | D:1      | Reached skill level 1 in Fire Magic
   130 | D:1      | Reached XP level 2. HP: 21/21 MP: 3/3
   383 | D:1      | Reached XP level 3. HP: 26/26 MP: 4/4
  1029 | D:2      | Reached XP level 4. HP: 33/33 MP: 6/6
  1156 | D:2      | Learned a level 2 spell: Jinxbite
  1437 | D:3      | Found a shimmering altar of Xom.
  1709 | D:3      | Reached XP level 5. HP: 38/38 MP: 4/7
  1981 | D:3      | Found a glowing silver altar of Zin.
  1981 | D:3      | Found an opulent altar of Gozag.
  2592 | D:4      | Found a hide-covered altar of Uskayaw.
  2689 | D:4      | Reached XP level 6. HP: 24/46 MP: 9/9
  2795 | D:4      | HP: 1/46 [iguana (7)]
  2877 | D:4      | Noticed Eustachio
  2877 | D:4      | Noticed Duvessa
  2882 | D:4      | Noticed Dowan
  3105 | D:5      | Entered Level 5 of the Dungeon
  3150 | D:5      | Killed a water moccasin
  3157 | D:5      | Killed a black bear
  3169 | D:5      | Found Kofuahei's Armour Boutique.
  3173 | D:5      | Bought a +2 leather armour of positive energy for 176 gold
                  | pieces
  3196 | D:5      | Noticed an ice beast
  3206 | D:5      | Killed an ice beast
  3207 | D:5      | Reached XP level 7. HP: 42/52 MP: 8/10
  3271 | D:5      | Identified the +0 ring mail "Myenung" {rCorr Int+5}
  3391 | D:5      | Noticed Sigmund
  3395 | D:5      | Killed Sigmund
  3516 | D:5      | Reached XP level 8. HP: 40/60 MP: 12/12
  3847 | D:5      | Bought a +0 pair of boots for 49 gold pieces
  4021 | D:6      | HP: 3/60 [water moccasin (7)]
  4022 | D:6      | Mangled by a water moccasin

Illustrated notes

Levels and vault maps discovered:
D:1:      saegor_arrival_simple_a, layout_loops_ring
D:2:      layout_loops_ring
D:3:      layout_loops_corners, grunt_temple_overflow_gold_and_silver,
          lemuel_tele_altar, minmay_fractal_squares_5
D:4:      gammafunk_wand_slinger, layout_cave_pools,
          eat_drink_and_be_merry_uskayaw, trog_butcher_becter, uniq_eustachio,
          uniq_duvessa
D:5:      layout_basic, serial_shops, shop, amcnicky_mini_rare_corridor_liquid,
          dreamdust_mushroom_princess, corexii_leaking_fountain,
          lemuel_flamethrower_2, uniq_sigmund
D:6:      layout_loops_ring, nemelex_dance_club_becter,
          minmay_temple_entry_hall, gup_sewer_entry_bubbles,
          kennysheep_generic_room_2, uniq_edmund

Skill      XL: |  1  2  3  4  5  6  7  8 |
---------------+-------------------------+-----
Fire Magic     | 1 |  1.4
Ranged Weapons | 2 3 4 |  4.2
Dodging        | 2 3 4 |  4.1
Hexes          | 3 4 |  4.7
Fighting       | 2 3 4 |  4.2
Spellcasting   | 2 3 |  3.6

Action                     |  1- 3 |  4- 6 |  7- 9 || total
---------------------------+-------+-------+-------++-------
  Melee: Sling             |       |       |     4 ||     4
   Fire: Sling             |   160 |   262 |   224 ||   646
   Cast: Jinxbite          |       |     3 |     1 ||     4
    Use: Scroll            |       |    11 |     2 ||    13
         Potion            |       |     1 |     1 ||     2
 Armour: Robe              |    19 |    24 |       ||    43
         Leather armour    |       |     6 |    61 ||    67
  Dodge: Dodged            |    27 |    36 |    56 ||   119

Table legend: (Time is in decaauts)
 A = Elapsed time spent in this place.
 B = Non-inter-level travel time spent in this place.
 C = Inter-level travel time spent in this place.
 D = Time resting spent in this place.
 E = Time spent auto-exploring this place.
 F = Levels seen in this place.
 G = Mean time per level.
                   A        B        C        D        E       F      G
               +--------+--------+--------+--------+--------+-----+--------+
         Total |   4115 |   3940 |    175 |    153 |   3061 |   6 |  685.8 |
       Dungeon |   4115 |   3940 |    175 |    153 |   3061 |   6 |  685.8 |
               +--------+--------+--------+--------+--------+-----+--------+

Top non-repeatable levels by time:
     D:3: 1450 daAuts
     D:5: 781 daAuts
     D:1: 745 daAuts
     D:2: 672 daAuts
     D:4: 294 daAuts
     D:6: 171 daAuts
